 Dungeon Crawl Stone Soup version 0.28.0-43-g3370ac3207 (webtiles) character file.

Game seed: 4837781471522002487

54 cbfl8 the Slasher (level 3, 28/28 HPs)
             Began as a Demonspawn Gladiator on Mar 8, 2022.
             Quit the game on level 2 of the Dungeon on Mar 9, 2022.
             The game lasted 00:04:12 (1621 turns).

cbfl8 the Slasher (Demonspawn Gladiator)            Turns: 1621, Time: 00:04:12

Health: 28/28      AC:  5    Str: 14    XL:     3   Next: 66%
Magic:  3/3        EV: 11    Int:  9    God:
Gold:   43         SH:  4    Dex: 16    Spells: 2/2 levels left

rFire   . . .      SeeInvis .   a - +0 long sword
rCold   . . .      Faith    .   (no shield)
rNeg    . . .      Spirit   .   k - +0 ring mail
rPois   .          Reflect  .   (helmet restricted)
rElec   .          Harm     .   (no cloak)
rCorr   .          Rampage  .   (no gloves)
Will    .....                   (no boots)
Stlth   +.........              (no amulet)
HPRegen 0.09/turn               (no ring)
MPRegen 0.08/turn               (no ring)

@: no status effects
A: horns 1, condensation shield
a: no special abilities


You were on level 2 of the Dungeon.
You visited 1 branch of the dungeon, and saw 2 of its levels.

You collected 43 gold pieces.

Inventory:

Hand Weapons
 a - a +0 long sword (weapon)
Missiles
 d - 3 throwing nets (quivered)
 m - 14 sling bullets
Armour
 b - a +0 leather armour
 c - a +0 helmet
 i - an orb of energy
 k - a +0 ring mail (worn)
Scrolls
 h - a scroll of amnesia {unknown}
 l - a scroll of teleportation {unknown}
Potions
 e - a potion of invisibility {unknown}
 f - a potion of mutation {unknown}
 g - 2 potions of curing {unknown}
 j - a potion of berserk rage {unknown}


   Skills:
 + Level 2.3 Fighting
 + Level 3.1 Long Blades
 + Level 1.9 Throwing
 + Level 1.0 Armour
 + Level 3.1 Dodging
 + Level 0.3 Stealth
 + Level 0.4 Shields


You had 2 spell levels left.
You didn't know any spells.
Your spell library was empty.

Dungeon Overview and Level Annotations

Branches:
Dungeon (2/15)

Altars:


Innate Abilities, Weirdness & Mutations

You have a pair of small horns on your head.
A meltable shield of frost defends you. (SH +4)


Message History

The kobold is severely wounded.
You block the kobold's attack.
You barely miss the kobold. Your headbutt misses the kobold.
The kobold is severely wounded.
The endoplasm jiggles.
The kobold hits you but does no damage.
You slash the kobold!
You kill the kobold!
You block the endoplasm's attack.
Your Armour skill increases to level 1!
You slash the endoplasm!
You kill the endoplasm!
You see here a +0 club.
Found 6 gold pieces.
A ball python comes into view.
The ball python hisses angrily.
A dart slug comes into view.
You hit the ball python but do no damage.
The ball python barely misses you. The ball python misses you.
You slash the ball python!
You kill the ball python!
The dart slug launches a dart at you. The slug dart hits you.
The dart slug bites you but does no damage.
You hit the dart slug.
You headbutt the dart slug, but do no damage.
The dart slug is moderately wounded.
The dart slug bites you but does no damage.
You slash the dart slug!
You kill the dart slug!
You see here a dart slug corpse.
You now have 43 gold pieces (gained 6).
Found 10 stones.
Found a spear.
You see here 10 stones.
Found a stone staircase leading up.
Found a stone staircase leading up.
Welcome back, cbfl8 the Demonspawn Gladiator.
Press ? for a list of commands and other information.
Are you sure you want to abandon this character and quit the game? (Confirm with "yes".)

###########..
#........##..
#.......(....
#........##..
########........##..
.<..............##..
#................#
##.####................#
.......@....##.........#
##.###.##.####.....)...#
#. #.# ........### #.
#.# ##.....<.# .. #.#
#........# ## #.#
#......... #.. .........
...


There were no monsters in sight!

Vanquished Creatures
  An adder (D:2)
  A worm (D:2)
  2 dart slugs
  5 ball pythons
  6 endoplasms
  2 giant cockroaches
  2 goblins
  3 hobgoblins (D:1)
  2 kobolds (D:2)
  A quokka (D:1)
  3 bats (D:1)
  3 frilled lizards
  4 rats (D:1)
35 creatures vanquished.

Notes
Turn   | Place    | Note
-------+----------+-------------------------------------------
     0 | D:1      | cbfl8 the Demonspawn Gladiator began the quest for the Orb.
     0 | D:1      | Reached XP level 1. HP: 16/16 MP: 1/1
    79 | D:1      | Gained mutation: A meltable shield of frost defends you.
                  | (SH +4) [demonic ancestry]
    79 | D:1      | Reached XP level 2. HP: 9/22 MP: 2/2
  1243 | D:2      | Gained mutation: You have a pair of small horns on your
                  | head. [demonic ancestry]
  1243 | D:2      | Reached XP level 3. HP: 25/27 MP: 3/3
  1524 | D:2      | Reached skill level 1 in Armour
  1621 | D:2      | Quit the game

Illustrated notes

Levels and vault maps discovered:
D:1:      roderic_chinese_lattice_arrival, layout_rooms, kennysheep_boxes
D:2:      minmay_inner_zag, layout_basic

Skill      XL: |  1  2  3 |
---------------+----------+-----
Dodging        | 3 |  3.1
Long Blades    | 3 |  3.1
Armour         | 1 |  1.0
Fighting       | |  2.3
Throwing       | |  1.9
Stealth        | |  0.3
Shields        | |  0.4

Action                   || total
-------------------------++-------
Melee: Long sword        ||   107
       Headbutt          ||     1
Armor: Leather armour    ||    53
       Ring mail         ||    30
Dodge: Dodged            ||   137
Block: Other             ||    31
